AoeStats
← KOF Bzazel

Nomad

513640844Analyzed
4v4 RM · 5d ago on Oct 14, 2026· 33m 27s· 8 players
Game mode
Random Map
Map size
231×231
Population
200
Speed
Normal
Resources
Standard
Victory
Conquest
Starting age
Dark Age
Ending age
Imperial Age
RankedLock teamsTeams togetherTeam positionsShared explorationLock speedFull tech treeHidden civsTurbo modeCheats
Victory
Defeat
🇦🇷 Persians · Argentina
1680
+13
🇵🇪 Mongols · Peru
1637
+15
🇵🇪 Vikings · Peru
1607
+16
🇦🇷 Italians · Argentina
1456
+23
vs
🇨🇳 Mongols · China
1669
-19
🇻🇳 Persians · Vietnam
1602
-16
🇹🇷 Huns · Türkiye
1588
-16
🇲🇽 Saracens · Mexico
1588
-16
Marlin
4:20 Loom
12:34 Feudal Age
17:01 Castle Age
15:46 Double-Bit Axe
18:10 Bow Saw
18:22 Fletching
20:42 Horse Collar
22:53 Ballistics
22:53 Bodkin Arrow
25:18 Padded Archer Armor
28:46 Bloodlines
30:43 Husbandry
36:07 Imperial Age
thefacelessz12
4:17 Loom
13:10 Feudal Age
17:32 Castle Age
25:30 Town Watch
29:38 Devotion
31:26 Horse Collar
31:37 Double-Bit Axe
JavelinMen
9:06 Loom
12:24 Feudal Age
13:10 Double-Bit Axe
19:47 Castle Age
18:52 Fishing Lines
20:52 Bow Saw
22:21 Gillnets
24:16 Wheelbarrow
24:35 Bloodlines
24:25 Husbandry
25:22 Horse Collar
29:04 Hand Cart
29:08 Gold Mining
29:37 Scale Barding Armor
29:42 Forging
31:14 Chain Barding Armor
Liêm học IT
10:02 Loom
12:25 Feudal Age
13:27 Double-Bit Axe
23:41 Castle Age
Y
9:48 Loom
12:29 Feudal Age
13:31 Double-Bit Axe
17:55 Fishing Lines
21:12 Castle Age
19:39 Horse Collar
19:53 Gold Mining
22:04 Bow Saw
22:08 Gillnets
23:19 Wheelbarrow
22:30 Town Watch
23:42 Stone Mining
23:55 Heavy Plow
24:58 Hand Cart
25:55 Stone Shaft Mining
26:52 Gold Shaft Mining
31:49 Fletching
35:32 Imperial Age
33:53 Bodkin Arrow
[KOF] ReKieM
11:40 Feudal Age
15:58 Castle Age
13:57 Double-Bit Axe
14:15 Fishing Lines
15:38 Gold Mining
15:42 Fletching
18:05 Bodkin Arrow
19:29 Ballistics
19:38 Padded Archer Armor
19:35 Loom
20:52 Wheelbarrow
21:00 Bow Saw
23:29 Leather Archer Armor
25:18 Bloodlines
25:56 Husbandry
28:35 Stone Mining
34:33 Imperial Age
[KOF] JoakoM
8:44 Loom
12:19 Feudal Age
12:45 Double-Bit Axe
23:40 Castle Age
23:45 Gold Mining
24:56 Bow Saw
25:12 Redemption
25:34 Sanctity
28:27 Wheelbarrow
28:20 Fervor
30:20 Fishing Lines
35:11 Imperial Age
KOF Bzazel
12:27 Feudal Age
12:04 Loom
12:58 Double-Bit Axe
14:47 Fishing Lines
18:31 Castle Age
17:19 Loom
17:27 Fletching
18:17 Horse Collar
18:37 Crossbowman
20:02 Bow Saw
20:15 Gold Mining
20:40 Padded Archer Armor
21:30 Town Watch
22:37 Bodkin Arrow
24:05 Leather Archer Armor
28:25 Stone Mining
31:12 Imperial Age
29:59 Ballistics
31:59 Bracer
Connection lost

Rejoining the realm…

Still unreachable

The connection could not be restored.

Session expired

The server has moved on; the page needs a fresh start.